 Dungeon Crawl Stone Soup version 0.27.1-15-g792fb953b9 (webtiles) character file.

Game seed: 14066497264769235323

21 croobank the Vexing (level 2, -4/21 HPs)
             Began as a Barachi Arcane Marksman on Nov 18, 2021.
             Was a Follower of Qazlal.
             Slain by Terence (11 damage)
             ... on level 2 of the Dungeon.
             The game lasted 00:06:15 (1353 turns).

croobank the Vexing (Barachi Arcane Marksman)       Turns: 1353, Time: 00:06:16

Health: -4/21      AC:  2    Str: 11    XL:     2   Next: 87%
Magic:  3/3        EV: 12    Int: 13    God:    Qazlal [*.....]
Gold:   13         SH:  1    Dex: 12    Spells: 0/3 levels left

rFire    . . .     SeeInvis .   a - +0 hand crossbow (flame)
rCold    . . .     Faith    +   (no shield)
rNeg     . . .     Spirit   .   d - +0 robe
rPois    .         Reflect  .   (no helmet)
rElec    .         Harm     .   (no cloak)
rCorr    .         Rampage  .   (no gloves)
Will     .....                  (no boots)
Stlth    +.........             e - amulet of faith
HPRegen  0.07/turn              (no ring)
MPRegen  0.08/turn              (no ring)

@: slow
A: amphibious, slowness 1, strong legs 1, +LOS
a: Hop, Renounce Religion


You were on level 2 of the Dungeon.
You worshipped Qazlal.
Qazlal was aware of your devotion.
You visited 1 branch of the dungeon, and saw 2 of its levels.

You collected 13 gold pieces.

Inventory:

Hand Weapons
 a - a +0 hand crossbow of flaming (weapon)
 b - a +0 short sword
 f - a +0 hand axe
Missiles
 c - 11 bolts (quivered ammo)
 g - 17 stones
Armour
 d - a +0 robe (worn)
Jewellery
 e - an amulet of faith (around neck)
Scrolls
 h - a scroll of summoning {unknown}
 i - 2 scrolls of amnesia {unknown}


   Skills:
 + Level 1.6 Fighting
 + Level 2.5 Crossbows
 + Level 2.2 Dodging
 + Level 1.1 Spellcasting
 + Level 3.8 Hexes


You couldn't memorise any spells.
You knew the following spells:

 Your Spells              Type           Power      Damage    Failure   Level
a - Corona                Hex            11%        N/A       6%          1
b - Slow                  Hex            10%        N/A       9%          2

Your spell library contained the following spells:

 Spells                   Type           Power      Damage    Failure   Level
 Inner Flame              Hex/Fire       5%         N/A       36%         3
 Portal Projectile        Hex/Tloc       10%        N/A       36%         3
 Cause Fear               Hex            5%         N/A       50%         4
 Frozen Ramparts          Ice            0%         1d2       63%         3
 Ice Form                 Ice/Tmut       0%         N/A       95%         4
 Summon Ice Beast         Ice/Summ       0%         N/A       95%         4


Dungeon Overview and Level Annotations

Branches:
Dungeon (2/15)

Altars:
Qazlal

Shops:
D:1 ?

Annotations:
D:2 Terence


Innate Abilities, Weirdness & Mutations

You are amphibious.
You cover ground slowly.
You can hop short distances.
You have an extended range of vision and can be seen from far away.


Message History

Qazlal accepts your kill.
Found 13 gold pieces.
c - 14 bolts (gained 2)
Found 2 scrolls labelled XYLIPP REFA.
You now have 13 gold pieces.
i - 2 scrolls labelled XYLIPP REFA
Found Wupnuam's Magic Scroll Shop.
You have 13 gold pieces.
Unknown command.
There is an entrance to Wupnuam's Magic Scroll Shop here.
There is a stone staircase leading down here.
There is a stone staircase leading down here.
Done exploring.
(D) Dungeon
Where to? (? - help)
There is a stone staircase leading down here.
You climb downwards.
Terence shouts!
You hear a shout!
There is a stone staircase leading up here.
Terence is nearby!
Fire: 14 bolts
Press: ? - help, Q - select action, (/) - cycle Shift-Dir - straight line, f - Terence
Aim: Terence, wielding a +3 flail of holy wrath and wearing a +0 scale mail (65% to hit)
You shoot a bolt. The bolt hits Terence.
The bolt burns Terence.
Terence is moderately wounded.
Fire: 13 bolts
Press: ? - help, Q - select action, (/) - cycle Shift-Dir - straight line, f/p - Terence
Aim: Terence, wielding a +3 flail of holy wrath and wearing a +0 scale mail (moderately wounded, 65% to hit)
You shoot a bolt.
The bolt hits Terence but does no damage.
Terence is moderately wounded.
Fire: 12 bolts
Press: ? - help, Q - select action, (/) - cycle Shift-Dir - straight line, f/p - Terence
Aim: Terence, wielding a +3 flail of holy wrath and wearing a +0 scale mail (moderately wounded, 65% to hit)
You shoot a bolt. The bolt barely misses Terence.
Terence hits you with a +3 flail of holy wrath!
Ouch! That really hurt!
Terence hits you with a +3 flail of holy wrath!
Ouch! That really hurt!
You die...

###
#####..
..#..
....
#.. #.#
#@# #@#
#(# (.#
.## #.
#. #.
..


You could see Terence.

Vanquished Creatures
  A dart slug (D:1)
  4 bats (D:1)
  2 endoplasms (D:1)
  2 goblins (D:1)
  A hobgoblin (D:1)
  4 jackals (D:1)
  A quokka (D:1)
  A kobold (D:1)
  A rat (D:1)
17 creatures vanquished.

Notes
Turn   | Place    | Note
-------+----------+-------------------------------------------
     0 | D:1      | croobank the Barachi Arcane Marksman began the quest for
                  | the Orb.
     0 | D:1      | Reached XP level 1. HP: 15/15 MP: 2/2
   188 | D:1      | Reached XP level 2. HP: 3/21 MP: 3/3
   188 | D:1      | HP: 1/21 [hobgoblin (2)]
   801 | D:1      | Learned a level 2 spell: Slow
  1024 | D:1      | Found a faded altar of an unknown god.
  1027 | D:1      | Became a worshipper of Qazlal Stormbringer
  1027 | D:1      | Reached * piety under Qazlal
  1253 | D:1      | Found Wupnuam's Magic Scroll Shop.
  1350 | D:2      | Noticed Terence
  1353 | D:2      | Slain by Terence

Illustrated notes

Levels and vault maps discovered:
D:1:      kilobyte_arrival_exit_the_forest, layout_loops_cross, serial_shops,
          shop, basic_ecumenical_altar
D:2:      layout_rooms, kennysheep_generic_room_4, uniq_sigmund, uniq_terence,
          uniq_natasha, uniq_robin

Action                   || total
-------------------------++-------
Melee: Hand crossbow     ||     6
 Fire: Hand crossbow     ||    39
 Cast: Corona            ||     1
  Use: Scroll            ||     1
Armor: Robe              ||     5
Dodge: Dodged            ||    33
